 Dungeon Sprint DCSS version 0.29-a0-732-g3d7fbe0af2 (webtiles) character file.

Game seed: 1827518035609824511

1514 Hipnos the Scorcher (level 8, -1/41 HPs)
             Began as a Deep Elf Fire Elementalist on June 29, 2022.
             Slain by a boulder beetle (13 damage)
             ... in the Dungeon (Sprint II: "The Violet Keep of Menkaure").
             The game lasted 00:12:42 (2340 turns).

Hipnos the Scorcher (Deep Elf Fire Elementalist)    Turns: 2340, Time: 00:12:43

Health: -1/41      AC:  5    Str:  0 (5)  XL:     8   Next: 53%
Magic:  22/26      EV: 14    Int: 21 (23) God:
Gold:   0          SH:  0    Dex: 13 (15) Spells: 6/31 levels left

rFire   . . .      SeeInvis .   h - +0 trident
rCold   . . .      Faith    .   (no shield)
rNeg    . . .      Spirit   .   a - +0 robe
rPois   .          Reflect  .   (no helmet)
rElec   .          Harm     .   i - +2 cloak
rCorr   .          Rampage  .   (no gloves)
Will    .....      NoTele   +   (no boots)
Stlth   +++.......              (no amulet)
HPRegen 0.00/turn               (no ring)
MPRegen 0.20/turn               (no ring)

@: inhibited regen, slowed, lost strength, very slow
A: deterioration 2
a: no special abilities


You were in the Dungeon.
You visited 1 branch You collected 729 gold pieces.
You spent 729 gold pieces at shops.

Inventory:

Hand Weapons
 h - a +0 trident (weapon)
Armour
 a - a +0 robe (worn)
 i - a +2 cloak (worn)
Potions
 b - a potion of magic
 e - a potion of haste
 f - a potion of berserk rage


   Skills:
 + Level 6.1 Dodging
 + Level 5.4 Stealth
 + Level 12.0 Spellcasting
 + Level 5.1 Conjurations
 * Level 16.0 Fire Magic
 * Level 4.0 Poison Magic


You had 6 spell levels left.
You knew the following spells:

 Your Spells              Type           Power      Damage    Failure   Level
a - Foxfire               Conj/Fire      100%       2x1d9     1%          1
b - Scorch                Fire           100%       2d10      0%          2
c - Conjure Flame         Conj/Fire      55%        6-21      1%          3
d - Inner Flame           Hex/Fire       46%        N/A       1%          3
e - Flame Wave            Conj/Fire      55%        2d11      1%          4
f - Olgreb's Toxic Radia  Pois           29%        N/A       10%         4
g - Ignition              Fire           34%        3d11      43%         8

Your spell library contained the following spells:

 Spells                   Type           Power      Damage    Failure   Level
 Ozocubu's Refrigeration  Ice            6%         4d6       100%        7


Dungeon Overview and Level Annotations

Branches:
Dungeon (1/1)

Altars:

Shops:
D :?::==(!*!(=[[:

Annotations:
D exclusion: oklob plant


Innate Abilities, Weirdness & Mutations

Your body often deteriorates upon taking damage.


Message History

Confirm with . or Enter, or press ? or * to list all spells.
The fire begins to smoulder!
You open the door.
Your foxfire dissipates!
You smother the flame.
Casting: Conjure Flame (safe; 1% risk of failure)
Confirm with . or Enter, or press ? or * to list all spells.
Okay, then.
Casting: Conjure Flame (safe; 1% risk of failure)
Confirm with . or Enter, or press ? or * to list all spells.
The fire begins to smoulder!
The boulder beetle leaps!
The boulder beetle curls into a ball and begins rolling!
The boulder beetle smothers the flame.
The boulder beetle hits you!!
The boulder beetle stops rolling and uncurls.
There is an open door, spattered with blood here.
Blink to where?
Press: ? - help, Dir - move target
As you read the scroll of blinking, it crumbles to dust.
The boulder beetle leaps!
You close the door.
You start resting.
Magic restored.
You start resting.
A boulder beetle is nearby!
Press: ? - help, v - describe, . - travel
Here: a boulder beetle (wandering, hasn't noticed you)
The floor.
A boulder beetle is nearby!
Casting: Conjure Flame (safe; 1% risk of failure)
Confirm with . or Enter, or press ? or * to list all spells.
The spell is quite dangerous to miscast (10% risk of failure)!
Continue anyway?
You begin to radiate toxic energy.
The boulder beetle is poisoned.
The boulder beetle bites you!!
Ouch! That really hurt!
* * * LOW HITPOINT WARNING * * *
You feel better.
Your toxic aura wanes.
The boulder beetle closely misses you. The boulder beetle bites you!
You die...

§○○§≈§§≈S# # # °§≈§§○≈
#≈## ○§§§
#########≈≈#+++#+++##
########≈≈≈.........#
.......#≈≈≈≈.##'##..#
..⌠....#≈≈≈≈##...## #
.∩.∩...#≈≈≈≈#..#..#
∩.∩.∩..#≈≈####.B@## #
.∩.∩.∩.#≈##.###+## .##
....∩.∩#≈#.#.##B##..$#
.....∩.'≈'.##'.°.°# .#
......∩#≈#..###.##○..#...
▓▓▓▓▓###≈##.###'## B##...
GG######≈≈####.#.## #≈≈..
.G#l ##≈≈≈#..#B.#≈≈≈≈≈≈


P(+$l #+#≈##...##≈≈≈≈≈≈ You could see a boulder beetle (poisoned).

Vanquished Creatures
  A merfolk siren (D)
  4 neqoxecs (D)
  Menkaure (D)
  4 necrophages (D)
  9 electric eels (D)
19 creatures vanquished.

Vanquished Creatures (others)
  A water moccasin (D)
  38 foxfires (D)
39 creatures vanquished.

Grand Total: 58 creatures vanquished

Notes
Turn   | Place    | Note
-------+----------+-------------------------------------------
     0 | D        | Hipnos the Deep Elf Fire Elementalist began the quest for
                  | the Orb.
     0 | D        | Reached XP level 1. HP: 10/10 MP: 6/6
     1 | D        | Noticed a neqoxec
     4 | D        | Noticed a merfolk siren
    23 | D        | Killed a merfolk siren
    24 | D        | Reached skill level 12 in Fire Magic
    24 | D        | Reached XP level 2. HP: 15/15 MP: 1/12
    24 | D        | Reached XP level 3. HP: 19/19 MP: 1/14
    24 | D        | Reached XP level 4. HP: 24/24 MP: 1/15
    24 | D        | Reached XP level 5. HP: 28/28 MP: 1/17
    24 | D        | Reached XP level 6. HP: 32/32 MP: 1/18
    46 | D        | Killed a water moccasin
   244 | D        | Learned a level 2 spell: Scorch
   248 | D        | Learned a level 3 spell: Conjure Flame
   252 | D        | Learned a level 3 spell: Inner Flame
   257 | D        | Learned a level 4 spell: Flame Wave
   258 | D        | Noticed Menkaure
   261 | D        | Killed Menkaure
   262 | D        | Reached skill level 5 in Dodging
   262 | D        | Reached skill level 13 in Fire Magic
   263 | D        | Found Eptavv Life's Jewellery Shop.
   264 | D        | Found Qadwus's Antique Armour Boutique.
   314 | D        | Noticed a boulder beetle
   314 | D        | Noticed a boulder beetle
   327 | D        | Reached XP level 7. HP: 36/36 MP: 7/21
   329 | D        | Reached skill level 14 in Fire Magic
   332 | D        | Reached skill level 5 in Stealth
   471 | D        | Noticed a neqoxec
   472 | D        | Gained mutation: Your body sometimes deteriorates upon
                  | taking damage. [a neqoxec]
   477 | D        | Killed a neqoxec
   477 | D        | Noticed a neqoxec
   478 | D        | Gained mutation: Your body often deteriorates upon taking
                  | damage. [a neqoxec]
   480 | D        | Killed a neqoxec
   481 | D        | Reached skill level 10 in Spellcasting
   481 | D        | Reached skill level 15 in Fire Magic
   482 | D        | Killed a neqoxec
   483 | D        | Reached XP level 8. HP: 41/41 MP: 20/24
   486 | D        | Reached skill level 5 in Conjurations
   535 | D        | Found Axeur's Book Shop.
   535 | D        | Found Susaifumuto's Antique Weapon Shop.
   535 | D        | Found Araric's General Store.
   535 | D        | Found Repas's Distillery.
   535 | D        | Found Hozearya's Distillery.
   536 | D        | Found Hekhamea's Weapon Shop.
   537 | D        | Found Axecw's Jewellery Shop.
   537 | D        | Found Qaomo's Jewellery Boutique.
   537 | D        | Noticed a shining eye
   538 | D        | Found Testreuta's Antique Armour Boutique.
   539 | D        | Found Tekkel's Book Boutique.
   539 | D        | Noticed a shining eye
   539 | D        | Noticed a shining eye
   539 | D        | Noticed an oklob plant
   540 | D        | Found Hiack's Magic Scroll Shop.
   540 | D        | Found Tail's Book Boutique.
   540 | D        | Found Kamisyfa's Book Shoppe.
   557 | D        | Noticed an ice dragon
   561 | D        | Bought the Unrestrained Analects for 572 gold pieces
   562 | D        | Bought a runed cloak for 157 gold pieces
   572 | D        | Learned a level 4 spell: Olgreb's Toxic Radiance
   581 | D        | Learned a level 8 spell: Ignition
  1271 | D        | Reached skill level 1 in Poison Magic
  1913 | D        | Reached skill level 16 in Fire Magic
  2227 | D        | Lost strength.
  2340 | D        | Slain by a boulder beetle

Illustrated notes

Levels and vault maps discovered:
D:        the_violet_keep_of_menkaure [sprint2_stairs_cluster_1,
          sprint2_shoproom, sprint2_temple, sprint2_basic_supplies,
          sprint2_obstacle_7, sprint2_obstacle_3, sprint2_obstacle_5,
          sprint2_obstacle_1, sprint2_obstacle_6, sprint2_timed_cluster_1,
          sprint2_smallroom_cluster_1, sprint2_smallroom_final_cluster_1,
          sprint2_transparent_cluster_1, sprint2_second_timed_cluster_1,
          sprint2_sniper_area_1, sprint2_heavy_combat_area_1,
          sprint2_mutation_trap_area_1, sprint2_forest_area_1,
          sprint2_light_combat_area_1, sprint2_behind_water_1,
          sprint2_near_end_vault_1]

Skill      XL: |  1  2  3  4  5  6  7  8 |
---------------+-------------------------+-----
Dodging        | 4 5 6 |  6.1
Stealth        | 4 5 |  5.4
Spellcasting   | 7 8 10 12 | 12.0
Conjurations   | 3 4 5 |  5.1
Fire Magic     | 12 13 15 16 | 16.0
Poison Magic   | 4 |  4.0

Action                   |  1- 3 |  4- 6 |  7- 9 || total
-------------------------+-------+-------+-------++-------
 Cast: Foxfire           |    12 |       |     8 ||    20
       Flame Wave        |       |     3 |     1 ||     4
       Conjure Flame     |       |     1 |     3 ||     4
       Scorch            |       |       |    13 ||    13
       Olgreb's Toxic Ra |       |       |    14 ||    14
  Use: Potion            |     1 |       |     3 ||     4
       Scroll            |       |       |     1 ||     1
Armor: Robe              |       |     1 |       ||     1
Dodge: Dodged            |     2 |     1 |     8 ||    11

Table legend: (Time is in decaauts)
 A = Elapsed time spent in this place.
 B = Non-inter-level travel time spent in this place.
 C = Inter-level travel time spent in this place.
 D = Time resting spent in this place.
 E = Time spent auto-exploring this place.
 F = Levels seen in this place.
 G = Mean time per level.
                   A        B        C        D        E       F      G
               +--------+--------+--------+--------+--------+-----+--------+
         Total |   2411 |   2411 |      0 |   2047 |      0 |   1 | 2411.0 |
       Dungeon |   2411 |   2411 |      0 |   2047 |      0 |   1 | 2411.0 |
               +--------+--------+--------+--------+--------+-----+--------+

Top non-repeatable levels by time:
       D: 2411 daAuts
